 Dungeon Crawl Stone Soup version 0.22-a0-422-g9628fc87f1 (webtiles) character file.

13505 Denreik the Protected (level 12, -5/136 HPs)
             Began as a Formicid Fighter on May 17, 2018.
             Slain by a minotaur (16 damage)
             ... in a labyrinth.
             The game lasted 01:44:54 (12943 turns).

Denreik the Protected (Formicid Fighter)           Turns: 12943, Time: 01:44:54

Health: -5/136     AC: 26    Str: 27    XL:     12   Next: 33%
Magic:  12/12      EV:  2    Int: 12    God:
Gold:   769        SH:  0    Dex: 10    Spells: 5/11 levels left

rFire    + . .     SeeInvis .   a - +5 flail (holy)
rCold    + + .     Gourm    .   c - +0 shield
rNeg     + + +     Faith    .   (armour currently unavailable)
rPois    +         Spirit   .   (helmet unavailable)
rElec    +         Reflect  .   (cloak currently unavailable)
rCorr    +         Harm     .   (gloves currently unavailable)
MR       +....                  (boots currently unavailable)
Stlth    +.........             y - amulet of regeneration
HPRegen  0.72/turn              t - ring of flight
MPRegen  0.13/turn              Z - ring of protection from cold

@: confused, brilliant, tree-form, resistant, drained
A: permanent stasis, dig shafts and tunnels, four strong arms
a: no special abilities


You were in a labyrinth.
You were not hungry.
You were a tree.
You visited 2 branches of the dungeon, and saw 13 of its levels.
You also visited: Labyrinth.

You collected 769 gold pieces.

Inventory:

Hand Weapons
 a - a +5 flail of holy wrath (weapon)
 b - a +0 hand crossbow
 e - a +3 halberd of flaming {@w3}
 E - a +2 mace of draining
 P - a +5 dire flail of freezing
Missiles
 u - 42 bolts
 x - 2 throwing nets (quivered)
 N - 2 javelins
 T - 13 tomahawks
Armour
 c - a +0 shield (worn)
 L - a +0 plate armour (melded)
 R - a +0 cloak of magic resistance (melded)
 Y - a +0 pair of gloves (melded)
Jewellery
 t - a ring of flight (left branch)
 y - an amulet of regeneration (around neck)
 F - a +2 amulet of reflection
 Z - a ring of protection from cold (right branch)
Wands
 o - a wand of flame (15)
 J - a wand of iceblast (14)
 V - a wand of acid (4)
Scrolls
 h - 6 scrolls of remove curse
 j - 2 scrolls of amnesia
 l - a scroll of vulnerability {unknown}
 n - 6 scrolls of identify
 v - a scroll of fog
 w - a scroll of magic mapping {unknown}
 z - 2 scrolls of fear
 A - 2 scrolls of enchant armour {unknown}
 G - 2 scrolls of teleportation {unknown}
 K - 3 scrolls of immolation {unknown}
 S - 2 scrolls of random uselessness {unknown}
 W - a scroll of summoning {unknown}
Potions
 g - 3 potions of curing
 k - a potion of cancellation {unknown}
 m - 3 potions of flight
 r - a potion of magic
 s - 3 potions of haste
 D - a potion of brilliance
 I - 2 potions of agility
Comestibles
 f - 19 rations


   Skills:
 - Level 7.1(6.8) Fighting
 - Level 9.9(9.7) Maces & Flails
 - Level 5.3(5.2) Polearms
   Level 2.0(7.1) Staves
 - Level 8.1(7.8) Crossbows
 - Level 11.0(10.7) Armour
 * Level 9.0(8.7) Shields


You had 5 spell levels left.
You knew the following spells:

 Your Spells              Type           Power        Failure   Level  Hunger
a - Confuse               Hex            #.......     12%         3    ####...
b - Tukima's Dance        Hex            #.......     12%         3    ####...

Your spell library contained the following spells:

 Spells                   Type           Power        Failure   Level  Hunger
 Bolt of Magma            Conj/Fire/Erth #.........   61%         5    ######.
 Venom Bolt               Conj/Pois      #.........   61%         5    ######.
 Iron Shot                Conj/Erth      #.........   98%         6    #######
 Ensorcelled Hibernation  Hex/Ice        #.....       6%          2    ###....
 Corona                   Hex            #......      4%          1    ##.....
 Orb of Destruction       Conj           #.........   100%        7    #######
 Iskenderun's Battlesphe  Conj/Chrm      #.......     61%         5    ######.
 Dazzling Spray           Conj/Hex       #.....       12%         3    ####...
 Spellforged Servitor     Conj/Summ      #.........   100%        7    #######


Dungeon Overview and Level Annotations

Branches:
Dungeon (12/15)            Temple (1/1) D:4            Lair (0/6) D:11
    Orc (0/2) D:10

Altars:
Ashenzari
Cheibriados
Dithmenos
Elyvilon
Fedhas
Gozag
Hepliaklqana
Kikubaaqudgha
Makhleb
Nemelex Xobeh
Okawaru
Qazlal
Ru
Sif Muna
Trog
Uskayaw
Vehumet
Wu Jian
Xom
Yredelemnul
Zin
The Shining One
Beogh

Shops:
D:5 }   D:7 [   D:11 [


Innate Abilities, Weirdness & Mutations

You cannot be hasted, slowed, berserked, paralysed or teleported.
You can dig through walls and to a lower floor.
Your four strong arms can wield two-handed weapons with a shield.
((You have a pair of large antennae on your head. (SInv)))


Message History

It was a potion of resistance.
You feel protected. The minotaur hits you.
* * * LOW HITPOINT WARNING * * *
The minotaur gores you.
* * * LOW HITPOINT WARNING * * *
You feel better.
The minotaur hits you but does no damage.
The minotaur gores you but does no damage.
You feel better. The minotaur hits you!
* * * LOW HITPOINT WARNING * * *
You block the minotaur's attack.
You feel better.
The minotaur hits you but does no damage.
The minotaur gores you!
* * * LOW HITPOINT WARNING * * *
It was a potion of ambrosia.
You are confused.
You feel invigorated. The minotaur hits you!
You die...

# # . . H
.### ###
####
#.#...#...#
... #.#
#.###.##.#.
# ...#H(.# .
### ## ##
#.# # # ...(
.#.##(#.. .
####
##..H###..##
. #...♣# ##.
. # ###.#.#
## ## #...
...#.# # .
###..#..#
#.. ..#..
### ### #


You could see a minotaur.

Vanquished Creatures
  4 two-headed ogres
  Pikel (D:5)
  A manticore (D:10)
  A cyclops (D:11)
  Joseph (D:7)
  A komodo dragon (D:11)
  2 centaur skeletons
  Grinder (D:3)
  2 trolls
  2 hippogriffs
  Sigmund (D:6)
  A shadow (Lab)
  2 hungry ghosts (Lab)
  A wyvern (D:8)
  4 vampire mosquitoes (D:10)
  Menkaure (D:4)
  Edmund (D:6)
  An acid dragon (D:11)
  A water moccasin (D:8)
  8 orc warriors
  2 phantoms
  3 ice beasts
  3 sky beasts
  A necrophage (D:10)
  An eye of draining (D:9)
  4 ogres
  6 centaurs
  2 big kobolds
  8 bullfrogs
  A wyvern skeleton (D:10)
  2 scorpions
  15 killer bees
  3 spriggan skeletons (Lab)
  8 wights
  4 howler monkeys
  3 crimson imps
  3 bullfrog zombies
  An iron imp (D:8)
  A centaur zombie (D:7)
  6 orc priests
  Crazy Yiuf (D:6)
  2 jellies
  3 bullfrog skeletons (D:6)
  4 hounds
  7 orc wizards
  6 iguanas
  Ijyb (D:3)
  5 worker ants
  A killer bee zombie (D:9)
  2 hound zombies
  2 hound skeletons
  Robin (D:3)
  A worker ant zombie (D:5)
  7 gnolls
  A howler monkey skeleton (D:4)
  13 adders
  2 shadow imps
  An adder zombie (D:9)
  3 adder skeletons
  7 worms
  4 dart slugs
  6 leopard geckos
  46 orcs
  6 giant cockroaches
  12 goblins
  15 hobgoblins
  A jackal (D:1)
  6 quokkas
  A ball python (D:8)
  8 bats
  A frilled lizard (D:4)
  A goblin skeleton (D:8)
  2 goblin zombies (D:8)
  6 hobgoblin zombies (D:8)
  19 kobolds
  An orc zombie (D:8)
  9 rats
328 creatures vanquished.

Vanquished Creatures (others)
  A slave (D:5)
  2 orc wizards
  A hound (D:5)
  An orc (D:5)
5 creatures vanquished.

Grand Total: 333 creatures vanquished

Notes
Turn   | Place    | Note
-------+----------+-------------------------------------------
     0 | D:1      | Denreik the Formicid Fighter began the quest for the Orb.
     0 | D:1      | Reached XP level 1. HP: 18/18 MP: 1/1
   117 | D:1      | Reached XP level 2. HP: 24/24 MP: 2/2
   424 | D:1      | Reached XP level 3. HP: 16/29 MP: 3/3
  1014 | D:2      | Reached skill level 5 in Shields
  1017 | D:2      | Reached XP level 4. HP: 32/37 MP: 4/4
  1416 | D:2      | Found a glowing silver altar of Zin.
  1932 | D:2      | Reached XP level 5. HP: 43/43 MP: 5/5
  1985 | D:3      | Reached skill level 4 in Armour
  1990 | D:3      | Noticed Sigmund
  2203 | D:3      | Found a shimmering altar of Xom.
  2203 | D:3      | Noticed Grinder
  2226 | D:3      | Killed Grinder
  2226 | D:3      | Reached skill level 5 in Fighting
  2226 | D:3      | Reached skill level 5 in Armour
  2226 | D:3      | Reached XP level 6. HP: 22/51 MP: 6/6
  2266 | D:3      | Noticed Ijyb
  2287 | D:3      | Killed Ijyb
  2287 | D:3      | Reached XP level 7. HP: 33/56 MP: 7/7
  2520 | D:3      | Noticed Robin
  2554 | D:3      | Killed Robin
  2703 | D:3      | Reached skill level 6 in Armour
  2987 | D:4      | Noticed Menkaure
  3297 | D:4      | Found a staircase to the Ecumenical Temple.
  3325 | Temple   | Entered the Ecumenical Temple
  3588 | D:4      | Killed Menkaure
  3769 | D:4      | Learned a level 3 spell: Confuse
  4223 | D:5      | Entered Level 5 of the Dungeon
  4238 | D:5      | Reached XP level 8. HP: 61/64 MP: 8/8
  4509 | D:5      | Noticed Pikel
  4525 | D:5      | Killed Pikel
  5096 | D:4      | Reached XP level 9. HP: 60/69 MP: 9/9
  5101 | D:4      | Reached skill level 1 in Polearms
  5511 | D:5      | Found Dixkoeh's Gadget Shoppe.
  5637 | D:6      | Learned a level 3 spell: Tukima's Dance
  5649 | D:6      | Found a snail-covered altar of Cheibriados.
  5850 | D:6      | Found a runed door.
  5861 | D:6      | Noticed Edmund
  5879 | D:6      | Killed Edmund
  5879 | D:6      | Reached skill level 5 in Polearms
  6009 | D:6      | Killed Sigmund
  6187 | D:6      | Reached XP level 10. HP: 76/76 MP: 10/10
  6580 | D:6      | Noticed Crazy Yiuf
  6587 | D:6      | Killed Crazy Yiuf
  6702 | D:7      | Found Eschiajulo's Armour Emporium.
  6803 | D:7      | Reached skill level 7 in Armour
  6883 | D:7      | Noticed Joseph
  6902 | D:7      | Killed Joseph
  6902 | D:7      | Reached skill level 8 in Armour
  7291 | D:8      | Reached skill level 9 in Armour
  7477 | D:8      | Found a glowing golden altar of the Shining One.
  7684 | D:8      | Noticed a two-headed ogre
  7837 | D:7      | Killed a two-headed ogre
  7837 | D:7      | Reached skill level 10 in Armour
  8068 | D:8      | Found a radiant altar of Vehumet.
  8546 | D:9      | Noticed a two-headed ogre
  8904 | D:9      | Found a white marble altar of Elyvilon.
  8960 | D:9      | Reached skill level 11 in Armour
  9105 | D:9      | Reached XP level 11. HP: 69/81 MP: 11/11
  9123 | D:8      | Reached skill level 1 in Crossbows
  9281 | D:9      | Killed a two-headed ogre
  9505 | D:9      | Noticed a two-headed ogre
  9519 | D:9      | Killed a two-headed ogre
  9697 | D:10     | Entered Level 10 of the Dungeon
  9982 | D:10     | Noticed a two-headed ogre
  9993 | D:10     | Killed a two-headed ogre
 10383 | D:10     | Got a twisted leather armour
 10384 | D:10     | Identified the +1 leather armour of the Gravedigger {rElec} (You found it on level 10 of the Dungeon)
 10483 | D:10     | Noticed a manticore
 10508 | D:10     | Killed a manticore
 10866 | D:10     | Reached XP level 12. HP: 64/91 MP: 12/12
 10905 | D:10     | Found a roughly hewn altar of Beogh.
 10905 | D:10     | Found a staircase to the Orcish Mines.
 11731 | D:11     | Found a staircase to the Lair.
 12151 | D:11     | Found Vunwu's Antique Armour Boutique.
 12570 | D:12     | Found a labyrinth entrance.
 12577 | Lab      | Entered a labyrinth
 12898 | Lab      | Noticed a minotaur
 12939 | Lab      | HP: 5/136 [minotaur (3)]
 12943 | Lab      | Slain by a minotaur

Vault maps used:
D:1:      lightli_arrival_lavapool, serial_park_tiny_1,
          hangedman_decor_diamond_cutter, minmay_misc_feat_tiny,
          minmay_heptomino_o4
D:2:      old_standard_altar, first_ration, grunt_ministairs_12
D:3:      lemuel_coloured_pillars_altar, kennysheep_generic_room_6,
          uniq_grinder, uniq_ijyb, uniq_sigmund, uniq_robin
D:4:      temple_doors_cd, uniq_menkaure
D:5:      serial_shops, shop, hex_tiny, kennysheep_generic_room_12, uniq_pikel
D:6:      cheibrodos_worm_habitat, fountainhead, wad_rectangle_vault,
          uniq_crazy_yiuf_cottage, uniq_edmund
D:7:      serial_shops, shop, uniq_joseph
D:8:      fiery_altar_vehumet, grunt_ogre_cave, nicolae_tso_besieged_by_evil
D:9:      basic_altar
D:10:     david_orc_5, st_stairs_11
D:11:     lair_entry_dummy, serial_shops, shop, grunt_decor_cap
D:12:     lab_entry_generic
Temple:   dpeg_five_rooms_temple
Lab:      labyrinth_skeletal_remains, nicolae_lab_starburst,
          nicolae_lab_very_dead_end, nicolae_lab_swirl, nicolae_lab_statue

Skill      XL: |  1  2  3  4  5  6  7  8  9 10 11 12 |
---------------+-------------------------------------+-----
Shields        | 4 5 9 |  9.0
Fighting       | 4 5 6 7 |  7.1
Armour         | 5 6 11 | 11.0
Maces & Flails | 3 7 9 |  9.9
Polearms       | 5 |  5.3
Crossbows      | 8 |  8.1
Staves         | |  2.0

Action                   |  1- 3 |  4- 6 |  7- 9 | 10-12 || total
-------------------------+-------+-------+-------+-------++-------
Melee: Quarterstaff      |    89 |   112 |    43 |       ||   244
       Mace              |       |       |   149 |     1 ||   150
       Halberd           |       |       |    86 |    53 ||   139
       Flail             |       |       |    38 |   616 ||   654
 Fire: Hand crossbow     |       |       |       |    91 ||    91
Throw: Throwing net      |       |       |       |     5 ||     5
 Cast: Confuse           |       |       |       |     1 ||     1
 Abil: Dig               |     6 |     3 |    26 |    41 ||    76
  Use: Scroll            |     1 |       |     1 |     7 ||     9
       Potion            |       |     3 |     1 |    14 ||    18
 Stab: Distracted        |       |       |     1 |       ||     1
  Eat: Chunk             |       |     5 |    16 |    15 ||    36
       Ration            |       |       |       |     5 ||     5
Armor: Scale mail        |    53 |    39 |    57 |       ||   149
       Plate armour      |       |       |    24 |   291 ||   315
       Ring mail         |       |       |       |    14 ||    14
       Skin              |       |       |       |     7 ||     7
Dodge: Dodged            |    30 |    29 |    97 |   177 ||   333
Block: Shield            |    58 |    61 |   155 |   350 ||   624

Table legend:
 A = Spawn XP
 B = Non-spawn XP
 C = Spawn XP percentage of total XP
 D = Spawn monster count
 E = Non-spawn monster count
 F = Spawn count percentage of total count
 G = Total turns spent on level
                    A         B        C        D         E        F      G
               +---------+---------+-------+---------+---------+-------+---------
         Total |       0 |   19294 |   0.0 |       0 |     329 |   0.0 | 12943
               +---------+---------+-------+---------+---------+-------+---------
           D:1 |       0 |      48 |   0.0 |       0 |      25 |   0.0 |   963
           D:2 |       0 |     115 |   0.0 |       0 |      26 |   0.0 |  1169
           D:3 |       0 |     497 |   0.0 |       0 |      37 |   0.0 |  1095
           D:4 |       0 |     400 |   0.0 |       0 |      17 |   0.0 |  1030
           D:5 |       0 |    1327 |   0.0 |       0 |      18 |   0.0 |  1124
           D:6 |       0 |    1745 |   0.0 |       0 |      29 |   0.0 |  1013
           D:7 |       0 |    1726 |   0.0 |       0 |      12 |   0.0 |   565
           D:8 |       0 |    1385 |   0.0 |       0 |      37 |   0.0 |  1499
           D:9 |       0 |    3675 |   0.0 |       0 |      36 |   0.0 |  1171
          D:10 |       0 |    4968 |   0.0 |       0 |      57 |   0.0 |  1521
          D:11 |       0 |    1968 |   0.0 |       0 |      26 |   0.0 |   880
          D:12 |       0 |     607 |   0.0 |       0 |       2 |   0.0 |   310
           Lab |       0 |     833 |   0.0 |       0 |       7 |   0.0 |   366
               +---------+---------+-------+---------+---------+-------+---------
